 Dungeon Crawl Stone Soup version 0.21-a0-421-gfc1ce30 (webtiles) character file.

281103 dududu the Brawler (level 20, 181/181 (182) HPs)
             Began as a Ghoul Arcane Marksman on Oct 31, 2017.
             Was the Champion of Ru.
             Got out of the dungeon
             ... with 2 runes on Nov 4, 2017!
             The game lasted 04:07:15 (42119 turns).

dududu the Brawler (Ghoul Arcane Marksman)         Turns: 42119, Time: 04:07:16

HP:   181/181 (182) AC: 33    Str: 25    XL:     20   Next: 49%
MP:   24/24         EV: 14    Int:  8    God:    Ru [******]
Gold: 1384          SH: 22    Dex:  9    Spells: 21/21 levels left

rFire    . . .     SeeInvis .     - Unarmed
rCold    + . .     Gourm    .   p - +1 large shield {rPois}
rNeg     + + +     Faith    .   v - +10 plate armour of the Quahog {+Fly rN++ Int-5 Stlth+}
rPois    ∞         Spirit   .   C - +2 helmet
rElec    +         Reflect  .   n - scarf "Asodwaarr" {Int+5 Slay+3}
rCorr    .         Harm     .   (no gloves)
MR       +....                  T - +2 pair of boots {run}
Stlth    ..........             y - amulet of the Air {Inacc +Fly rElec EV+5 RMsl}
HPRegen  0.40/turn              Z - +2 ring of protection
MPRegen  0.19/turn              a - ring of Loykuoqy {+Blink +Fly rElec Str+4}

@: rotting, studying Shields, drained, repel missiles, quick
A: rotting body, claws 1, carnivore 3, clumsy 1, cold resistance 1, negative
energy resistance 3, inhibited regeneration, torment resistance, unbreathing,
inability to drink while threatened, no stealth, hated by all, no fire magic, no
necromancy magic, no summoning magic, inexperienced 1
}: 2/15 runes: serpentine, barnacled
a: Draw Out Power, Power Leap, Apocalypse, Renounce Religion, Evoke Blink, Evoke
Flight


You escaped.
You worshipped Ru.
Ru was exalted by your worship.
You were not hungry.

You visited 6 branches of the dungeon, and saw 33 of its levels.
You also visited: Ice Cave.

You collected 3643 gold pieces.
You spent 2259 gold pieces at shops.

Inventory:

Hand Weapons
 b - a +8 blowgun
Missiles
 d - 11 throwing nets
 x - 22 silver javelins
 E - 16 steel javelins (quivered)
 J - 20 javelins of penetration
 L - 19 curare-tipped needles
Armour
 n - the scarf "Asodwaarr" (worn) {Int+5 Slay+3}
   (You acquired it on level 1 of the Snake Pit)

   It affects your intelligence (+5).
   It affects your accuracy and damage with ranged weapons and melee attacks
   (+3).
 p - a +1 large shield of poison resistance (worn)
 v - the +10 plate armour of the Quahog (worn) {+Fly rN++ Int-5 Stlth+}
   (You found it on level 6 of the Lair of Beasts)

   It affects your intelligence (-5).
   It greatly protects you from negative energy.
   It lets you fly.
   It makes you more stealthy.
 C - a +2 helmet (worn)
 T - a +2 pair of boots of running (worn)
Jewellery
 a - the ring of Loykuoqy (right claw) {+Blink +Fly rElec Str+4}
   (You found it on level 4 of the Shoals)

   [ring of flight]

   It affects your strength (+4).
   It insulates you from electricity.
   It lets you fly.
   It lets you blink.
 c - an uncursed ring of protection from fire
 q - an uncursed ring of protection from cold
 u - the ring of Damea {Str+3 SInv}
   (You found it on level 2 of the Lair of Beasts)

   [ring of see invisible]

   It affects your strength (+3).
   It lets you see invisible.
 y - the amulet of the Air (around neck) {Inacc +Fly rElec EV+5 RMsl}
   (You found it on level 4 of the Shoals)

   [amulet of inaccuracy]

   It reduces the accuracy of all your attacks.
   It affects your evasion (+5).
   It insulates you from electricity.
   It lets you fly.
   It protects you from missiles.
 Z - a +2 ring of protection (left claw)
Wands
 r - a wand of confusion (27/48)
 w - a wand of clouds (6/9)
 z - a wand of iceblast (7/15)
 V - a wand of iceblast (6/15)
 W - a wand of paralysis (10/24)
 X - a wand of digging (7/24)
Scrolls
 e - 3 scrolls of silence
 g - 9 scrolls of magic mapping
 m - 21 scrolls of remove curse
 t - a scroll of enchant weapon
 A - 2 scrolls of recharging
 D - 4 scrolls of enchant armour
 F - 8 scrolls of teleportation
 I - 10 scrolls of identify
 M - 3 scrolls of blinking
 N - 2 scrolls of amnesia
 O - 8 scrolls of immolation
 P - 9 scrolls of fog
 Q - 6 scrolls of vulnerability
 S - 5 scrolls of fear
Potions
 j - 7 potions of haste
 k - 15 potions of curing
 o - 9 potions of heal wounds
 s - 4 potions of cancellation
 B - 2 potions of invisibility
 G - 5 potions of might
 H - 2 potions of resistance
 K - 3 potions of agility
 R - 2 potions of ambrosia
 U - 2 potions of magic
Books
 Y - a manual of Shields
Miscellaneous
 h - a fan of gales
 l - a lamp of fire
Comestibles
 f - 12 meat rations


   Skills:
 + Level 16.6(15.8) Fighting
 - Level 10.0(9.3) Throwing
 + Level 10.8(10.1) Armour
 - Level 10.0(9.3) Dodging
 * Level 18.1(17.2) Shields
 + Level 18.5(17.7) Unarmed Combat
 - Level 1.0(0.4) Spellcasting
   Level 2.4(1.8) Hexes
 - Level 7.0(6.4) Evocations


You had 21 spell levels left.
You didn't know any spells.

Dungeon Overview and Level Annotations

Branches:
Dungeon (15/15)            Temple (0/1) D:6            Lair (6/6) D:9
 Shoals (4/4) Lair:4        Snake (4/4) Lair:3        Slime (0/5) Lair:5
    Orc (2/2) D:11            Elf (0/3) Orc:2        Vaults (2/5) D:13
  Crypt (0/3) Vaults:2     Depths (0/5) D:15

Altars:
Elyvilon
Hepliaklqana
Nemelex Xobeh
Ru
Trog
Wu Jian
Beogh
Jiyva

Shops:
D:7 ?   D:8 %   D:12 :   Orc:2 ?[(:   Shoals:3 ?:*[!   Snake:1 :([}*
Snake:2 (   Vaults:1 (

Annotations:
D:3 Sigmund; dainius's ghost, amateur DsBe
D:8 karf's ghost, novice DrFi
Snake:4 namelastname112's ghost, adept FeWn


Innate Abilities, Weirdness & Mutations

Your body is rotting away.
You thrive on raw meat.
You are immune to poison.
You have sharp fingernails.
You are carnivorous and can eat meat at any time.
You are clumsy. (Dex -2)
Your flesh is cold resistant. (rC+)
You are immune to negative energy. (rN+++)
You do not regenerate when monsters are visible.
You are immune to unholy pain and torment.
You can survive without breathing.
You cannot drink potions while threatened.
You cannot be stealthy.
You are hated by all.
You cannot study or cast Fire magic.
You cannot study or cast Necromancy magic.
You cannot study or cast Summoning magic.
You are somewhat inexperienced. (-2 XL)


Message History

The hobgoblin shouts!
The hobgoblin is too close now for your liking.
Unknown command.
You block the hobgoblin's attack.
You eviscerate the hobgoblin!!!
You kill the hobgoblin!
(D) Dungeon (T) Temple (L) Lair (A) Shoals (P) Snake Pit (M) Slime Pits (O) Orcish Mines (E) Elven Halls (V) Vaults (C) Crypt (U) Depths
Where to? (Enter - D:1 @ (x,y), ? - help)
There is a stone staircase leading up here.
You climb upwards.
There is a stone staircase leading down here.
You see here a short sword.
There is a stone staircase leading up here.
You climb upwards.
There is a stone staircase leading down here.
There is a staircase leading out of the dungeon here.
Are you sure you want to leave the Dungeon?
This will make you lose the game!
You have escaped!

########################
#>...................≈≈#
#.(............≈≈≈≈≈≈≈≈#
#.(....≈≈≈≈≈≈≈≈≈≈≈≈≈≈≈.#
#.≈≈≈≈≈≈≈≈≈≈≈≈≈≈≈≈......
#≈≈≈≈≈≈≈≈≈≈≈≈≈≈≈........
#≈≈≈≈≈≈.................
#≈≈≈≈...........≈≈≈≈...#
##≈≈...@.......≈≈≈≈≈≈≈≈#
####.......≈≈≈≈..≈≈≈≈≈#
####≈≈≈≈≈≈≈........#
#≈≈≈≈≈≈≈≈...........
#########........[..
##########......
#.........>.....
###.#...........
#.#..)........


There were no monsters in sight!

Vanquished Creatures
  Saint Roka (Orc:2)
  Polyphemus (Shoals:4)
  Frances (Shoals:2)
  Agnes (D:14)
  A tengu reaver (Vaults:2)
  Ilsuiw (Shoals:4)
  8 nagarajas
  A fire giant (D:15)
  The ghost of Iwannabefree the Cleaver, an adept MiSk of Ashenzari (Snake:3)
  The ghost of karf the Spry, a journeyman MfFi of Ru (Shoals:1)
  4 vault wardens
  The ghost of Heskey the Fighter, a journeyman TrMo of Wu Jian (D:14)
  4 ironheart preservers
  An entropy weaver (Lair:5)
  The ghost of Mamutox the Severer, a journeyman MiBe of Trog (Snake:3)
  3 stone giants
  Azrael (Orc:2)
  4 merfolk javelineers
  The ghost of MirrMurr the Impaler, a journeyman MfBe of Trog (Lair:1)
  2 fire dragons (Vaults:2)
  An ettin (Orc:1)
  10 merfolk impalers
  Fannar (Orc:1)
  The ghost of Dzhakhan the Basher, a journeyman MiBe of Trog (Orc:2)
  5 vault guards (Vaults:2)
  4 yaktaur captains
  2 rakshasas (Vaults:2)
  Harold (Orc:1)
  An ice dragon (Vaults:2)
  Erolcha (D:12)
  7 merfolk aquamancers
  5 hydras
  5 merfolk avatars
  A catoblepas (Shoals:4)
  Erica (Lair:2)
  3 alligator snapping turtles
  16 naga warriors
  A deep troll shaman (Vaults:2)
  9 centaur warriors
  6 two-headed ogres
  2 death knights
  A satyr (Shoals:3)
  4 ogre magi
  4 anacondas
  2 deep troll earth magi (Vaults:2)
  2 tengu warriors
  A queen ant (Lair:5)
  2 death yaks (Shoals:4)
  4 shock serpents
  Urug (Orc:1)
  Sonja (Lair:2)
  14 naga sharpshooters
  2 deep elf knights
  3 salamander mystics
  A shadow wraith (Vaults:2)
  13 sea snakes
  7 skeletal warriors
  7 unseen horrors
  A glowing orange brain (Vaults:1)
  2 deep trolls
  A deep elf archer (Vaults:1)
  Pikel (D:9)
  4 ironbrand convokers (Vaults:2)
  6 naga ritualists
  A necromancer (IceCv)
  5 orc knights
  A wolf spider zombie (D:15)
  15 harpies
  A phantasmal warrior (Vaults:2)
  A deep elf mage (D:15)
  40 ugly things
  7 wolf spiders
  10 mana vipers
  3 orc sorcerers (Orc:2)
  11 fauns
  12 cyclopes
  6 salamanders
  10 elephants
  A black mamba (shapeshifter) (Vaults:2)
  An ice statue (IceCv)
  6 merfolk sirens
  13 manticores
  6 guardian serpents
  7 vault sentinels (Vaults:2)
  19 naga magi
  6 water nymphs
  27 black mambas
  Psyche (D:11)
  A gargoyle (D:15)
  10 spiny frogs
  A kobold demonologist (D:13)
  A rime drake (Lair:4)
  17 yaktaurs
  17 freezing wraiths
  An efreet (D:15)
  7 komodo dragons
  4 polar bears
  A tengu conjurer (D:14)
  5 trolls
  A wolf spider simulacrum (IceCv)
  3 meliai (D:10)
  A jumping spider (shapeshifter) (Vaults:2)
  34 merfolk
  5 wind drakes
  5 hornets
  Prince Ribbit (D:4)
  17 hippogriffs
  22 slime creatures
  11 blink frogs
  34 dream sheep
  A stone giant simulacrum (Vaults:1)
  11 snapping turtles
  8 water elementals
  A spriggan (D:13)
  A centaur simulacrum (D:15)
  4 wraiths
  17 wyverns
  A redback (Lair:6)
  A spriggan (shapeshifter) (Vaults:2)
  2 vampires
  3 shadows
  2 humans
  48 yaks
  3 fire elementals (Orc:2)
  5 basilisks
  4 hungry ghosts
  Menkaure (D:5)
  An acid dragon (Vaults:1)
  60 nagas
  12 water moccasins
  23 soldier ants (Lair:5)
  5 hell hounds
  2 porcupines
  A black bear (D:12)
  2 slaves (D:9)
  37 orc warriors
  10 ice beasts
  2 sky beasts
  6 boggarts
  4 phantoms
  21 ogres
  A centaur (shapeshifter) (Vaults:2)
  17 centaurs
  6 wolves (Lair:3)
  9 crocodiles
  Blork the orc (D:5)
  3 big kobolds
  A wyvern zombie (D:13)
  2 gnoll sergeants
  11 bullfrogs
  A wyvern skeleton (D:13)
  6 scorpions
  17 killer bees
  2 vampire bats (D:3)
  4 wights
  4 howler monkeys
  3 electric eels (Lair:1)
  5 crimson imps
  3 centaur zombies
  7 draconian simulacra (IceCv)
  4 jellies
  A quasit (D:11)
  6 hounds
  30 orc priests
  30 orc wizards
  5 bullfrog skeletons
  8 centaur skeletons
  27 worker ants
  4 iguanas
  8 troll simulacra (IceCv)
  2 polar bear simulacra (IceCv)
  A wolf simulacrum (IceCv)
  2 hound zombies
  A hound skeleton (D:6)
  Robin (D:4)
  10 gnolls
  A howler monkey skeleton (D:4)
  A naga simulacrum (IceCv)
  4 ogre simulacra (IceCv)
  17 adders
  2 shadow imps
  24 white imps
  2 oozes
  An adder skeleton (D:9)
  6 worms
  2 dart slugs
  2 leopard geckos
  101 orcs
  10 bats
  7 giant cockroaches
  16 hobgoblins
  21 kobolds
  12 quokkas
  A ball python (D:2)
  8 frilled lizards
  11 goblins
  A quokka skeleton (D:4)
  7 rats
  3 fungi
  5 plants
1422 creatures vanquished.

Vanquished Creatures (collateral kills)
  2 orc wizards
2 creatures vanquished.

Vanquished Creatures (others)
  An ancient champion (Vaults:2)
  An entropy weaver (Lair:5)
  A merfolk javelineer (Shoals:4)
  A yaktaur captain (Vaults:2)
  A centaur warrior (D:13)
  A merfolk aquamancer (Shoals:4)
  A hydra (Lair:2)
  A two-headed ogre (D:11)
  A harpy (Shoals:2)
  An elephant (Lair:6)
  2 manticores
  A yaktaur (Vaults:1)
  2 merfolk (Shoals:2)
  2 dream sheep
  2 snapping turtles
  A slime creature (D:15)
  A tarantella (shapeshifter) (D:14)
  2 yaks (Lair:5)
  2 soldier ants (Lair:5)
  3 nagas
  A water moccasin (Lair:6)
  An orc warrior (D:5)
  A centaur (Vaults:1)
  A bullfrog (Lair:2)
  A hound (D:9)
  2 orc priests
  Crazy Yiuf (D:5)
  A worker ant (D:5)
  An adder (D:8)
  2 orcs
  14 fungi
  28 plants
82 creatures vanquished.

Grand Total: 1506 creatures vanquished

Notes
Turn   | Place    | Note
-------+----------+-------------------------------------------
     0 | D:1      | dududu the Ghoul Arcane Marksman began the quest for the Orb.
     0 | D:1      | Reached XP level 1. HP: 16/16 MP: 1/1
    77 | D:1      | Reached XP level 2. HP: 16/23 MP: 2/2
   185 | D:1      | Reached skill level 1 in Unarmed Combat
   279 | D:1      | Reached XP level 3. HP: 25/29 MP: 3/3
  1303 | D:2      | Reached XP level 4. HP: 34/36 MP: 4/4
  2502 | D:3      | Noticed dainius's ghost (amateur DsBe)
  2520 | D:3      | Noticed Sigmund
  2715 | D:3      | Reached XP level 5. HP: 42/42 MP: 5/5
  2720 | D:3      | Reached skill level 1 in Armour
  2939 | D:4      | Reached XP level 6. HP: 50/51 MP: 6/6
  3177 | D:4      | Found a sacrificial altar of Ru.
  3194 | D:4      | Noticed Robin
  3210 | D:4      | Became a worshipper of Ru the Awakened
  3241 | D:4      | Killed Robin
  3723 | D:5      | Entered Level 5 of the Dungeon
  3756 | D:5      | Found a runed door.
  3760 | D:5      | Noticed Crazy Yiuf
  3760 | D:5      | Noticed Prince Ribbit
  3768 | D:5      | Your ally died
  3999 | D:5      | Noticed a phantom
  4047 | D:5      | Killed a phantom
  4047 | D:5      | Reached XP level 7. HP: 36/58 MP: 7/7
  4271 | D:5      | Noticed Menkaure
  4294 | D:5      | Killed Menkaure
  4662 | D:5      | Reached skill level 5 in Unarmed Combat
  4821 | D:5      | Reached skill level 5 in Fighting
  4976 | D:5      | Reached XP level 8. HP: 28/68 MP: 8/8
  5120 | D:5      | Noticed Blork the orc
  5142 | D:5      | Killed Blork the orc
  5194 | D:5      | Gained mutation: You cannot drink potions while threatened. [Ru sacrifice]
  5194 | D:5      | Reached * piety under Ru
  5504 | D:6      | Found an ornate altar of the Wu Jian Council.
  6069 | D:6      | Found a staircase to the Ecumenical Temple.
  6833 | D:7      | Reached XP level 9. HP: 77/77 MP: 9/9
  7254 | D:7      | Gained mutation: You are somewhat inexperienced. (-2 XL) [Ru sacrifice]
  7254 | D:7      | Reached XP level 8. HP: 71/71 MP: 8/8
  7254 | D:7      | Reached XP level 7. HP: 64/64 MP: 7/7
  7254 | D:7      | Reached ** piety under Ru
  7254 | D:7      | Reached *** piety under Ru
  7331 | D:7      | Found Ahurol's Magic Scroll Boutique.
  7334 | D:7      | Bought a scroll of vulnerability for 82 gold pieces
  7334 | D:7      | Bought a scroll of identify for 22 gold pieces
  7334 | D:7      | Bought a scroll of fear for 38 gold pieces
  7334 | D:7      | Bought a scroll of fog for 22 gold pieces
  7334 | D:7      | Bought a scroll of identify for 22 gold pieces
  7334 | D:7      | Bought a scroll of identify for 22 gold pieces
  7334 | D:7      | Bought 3 scrolls of identify for 66 gold pieces
  7772 | D:7      | Reached skill level 5 in Armour
  7870 | D:8      | Reached skill level 1 in Evocations
  7929 | D:8      | Reached XP level 8. HP: 64/71 MP: 8/8
  8616 | D:8      | Noticed karf's ghost (novice DrFi)
  8968 | D:8      | Found Duiresir's Food Boutique.
  9571 | D:9      | Reached XP level 9. HP: 67/77 MP: 9/9
  9776 | D:9      | Found a hazy altar of Hepliaklqana.
  9833 | D:9      | Noticed a two-headed ogre
  9848 | D:9      | Killed a two-headed ogre
  9848 | D:9      | Reached skill level 10 in Unarmed Combat
  9856 | D:9      | Found a white marble altar of Elyvilon.
  9927 | D:9      | Noticed Pikel
  9951 | D:9      | Killed Pikel
 10074 | D:9      | Reached XP level 10. HP: 82/88 MP: 11/11
 10217 | D:9      | Found a staircase to the Lair.
 10503 | D:10     | Entered Level 10 of the Dungeon
 10776 | D:10     | Noticed a two-headed ogre
 10783 | D:10     | Gained mutation: You are hated by all. [Ru sacrifice]
 10783 | D:10     | Reached **** piety under Ru
 10783 | D:10     | Reached ***** piety under Ru
 10792 | D:10     | Killed a two-headed ogre
 10939 | D:10     | Noticed a two-headed ogre
 10958 | D:10     | Killed a two-headed ogre
 10958 | D:10     | Reached XP level 11. HP: 9/97 MP: 13/13
 11086 | D:10     | Reached skill level 5 in Evocations
 11623 | D:11     | Noticed a two-headed ogre
 11634 | D:11     | Killed a two-headed ogre
 11950 | D:11     | Noticed a two-headed ogre
 11966 | D:10     | Noticed an unseen horror
 11973 | D:10     | Killed an unseen horror
 12139 | D:11     | Noticed a red ugly thing
 12202 | Lair:1   | Entered Level 1 of the Lair of Beasts
 12206 | Lair:1   | Noticed MirrMurr's ghost (journeyman MfBe)
 12219 | Lair:1   | Killed MirrMurr's ghost
 12219 | Lair:1   | Reached skill level 10 in Fighting
 12231 | Lair:1   | Noticed a four-headed hydra
 12250 | D:9      | Killed a four-headed hydra
 12437 | Lair:1   | Reached XP level 12. HP: 55/106 MP: 15/15
 12557 | Lair:1   | Gained mutation: You cannot be stealthy. [Ru sacrifice]
 13335 | Lair:2   | Noticed Sonja
 13338 | Lair:1   | Reached skill level 1 in Shields
 13349 | Lair:2   | Killed Sonja
 13605 | Lair:2   | Upgraded the game from 0.21-a0-404-g291f19a to 0.21-a0-405-gf2af9a1
 13924 | Lair:2   | Noticed a five-headed hydra
 13931 | Lair:2   | Killed a five-headed hydra
 13941 | Lair:2   | Noticed Erica
 13965 | Lair:2   | Killed Erica
 13997 | Lair:2   | Got a vibrating jade ring
 14330 | Lair:3   | Identified the ring of Damea {Str+3 SInv} (You found it on level 2 of the Lair of Beasts)
 14405 | Lair:3   | Noticed a six-headed hydra
 14413 | Lair:3   | Killed a six-headed hydra
 14771 | Lair:3   | Found a staircase to the Snake Pit.
 15185 | Lair:4   | Found a frozen archway.
 15218 | IceCv    | Entered an ice cave
 15475 | IceCv    | Reached XP level 13. HP: 116/116 MP: 17/17
 15998 | IceCv    | Found an ancient bone altar of Kikubaaqudgha.
 16802 | IceCv    | Got a warped amber ring
 17611 | Lair:4   | Found a staircase to the Shoals.
 18161 | Lair:5   | Found a viscous altar of Jiyva.
 18161 | Lair:5   | Found a staircase to the Slime Pits.
 18371 | Lair:5   | Noticed an entropy weaver
 18421 | Lair:5   | Killed an entropy weaver
 18421 | Lair:5   | Reached skill level 15 in Unarmed Combat
 18435 | Lair:5   | Reached skill level 5 in Dodging
 18475 | Lair:5   | Noticed an entropy weaver
 18500 | Lair:5   | Killed an entropy weaver
 18941 | Lair:5   | Reached XP level 14. HP: 127/127 MP: 18/18
 18946 | Lair:5   | Upgraded the game from 0.21-a0-405-gf2af9a1 to 0.21-a0-414-gba8bdf1
 19166 | Lair:6   | Entered Level 6 of the Lair of Beasts
 19291 | Lair:6   | Found a sparkling altar of Nemelex Xobeh.
 19656 | Lair:6   | Reached skill level 10 in Armour
 19892 | Lair:6   | Got a scorched plate armour
 19893 | Lair:6   | Identified the +10 plate armour of the Quahog {+Fly rN++ Int-5 Stlth+} (You found it on level 6 of the Lair of Beasts)
 19905 | Lair:6   | Identified the ring "Qucoek" {Ice +Blink rElec} (You found it in an ice cave)
 20165 | Lair:6   | Gained mutation: You are clumsy. (Dex -2) [Ru sacrifice]
 21189 | D:11     | Noticed Psyche
 21202 | D:11     | Killed Psyche
 21247 | D:11     | Found a staircase to the Orcish Mines.
 21645 | Orc:1    | Entered Level 1 of the Orcish Mines
 21645 | Orc:1    | Noticed Urug
 21668 | Orc:1    | Killed Urug
 21766 | Orc:2    | Entered Level 2 of the Orcish Mines
 21807 | Orc:2    | Found a roughly hewn altar of Beogh.
 21912 | Orc:1    | Gained mutation: You cannot study or cast Fire magic. [Ru sacrifice]
 21912 | Orc:1    | Gained mutation: You cannot study or cast Necromancy magic. [Ru sacrifice]
 21912 | Orc:1    | Gained mutation: You cannot study or cast Summoning magic. [Ru sacrifice]
 21912 | Orc:1    | Reached ****** piety under Ru
 21955 | Orc:1    | Noticed Fannar
 21978 | Orc:1    | Killed Fannar
 21978 | Orc:1    | Reached XP level 15. HP: 122/138 MP: 19/19
 22479 | Orc:1    | Noticed Harold
 22496 | Orc:1    | Killed Harold
 22597 | Orc:2    | Found a bloodstained altar of Trog.
 23009 | Orc:2    | Noticed Azrael
 23024 | Orc:2    | Killed Azrael
 23058 | Orc:2    | Found a roughly hewn altar of Beogh.
 23059 | Orc:2    | Found Tan Weqy's Book Emporium.
 23095 | Orc:2    | Found a roughly hewn altar of Beogh.
 23338 | Orc:2    | Found a roughly hewn altar of Beogh.
 23366 | Orc:2    | Found a staircase to the Elven Halls.
 23406 | Orc:2    | Noticed Dzhakhan's ghost (journeyman MiBe)
 23464 | Orc:2    | Killed Dzhakhan's ghost
 23692 | Orc:2    | Found a roughly hewn altar of Beogh.
 23698 | Orc:2    | Found Akimmono's Magic Scroll Shop.
 23969 | Orc:2    | Noticed Saint Roka
 23988 | Orc:2    | HP: 4/139 [Saint Roka/divine providence (11)]
 24022 | Orc:2    | Paralysed by an orc sorcerer for 2 turns
 24083 | Orc:2    | Killed Saint Roka
 24136 | Orc:2    | Found Ymote's Antique Weapon Emporium.
 24138 | Orc:2    | Found a roughly hewn altar of Beogh.
 24138 | Orc:2    | Found Siogalig's Antique Armour Shoppe.
 24154 | Orc:2    | Bought a glowing large shield for 202 gold pieces
 24259 | Orc:2    | Bought a scroll of identify for 26 gold pieces
 24259 | Orc:2    | Bought a scroll of identify for 26 gold pieces
 24259 | Orc:2    | Bought a scroll of blinking for 97 gold pieces
 24259 | Orc:2    | Bought a scroll of identify for 26 gold pieces
 24259 | Orc:2    | Bought a scroll of identify for 26 gold pieces
 24259 | Orc:2    | Bought a scroll of fear for 45 gold pieces
 24259 | Orc:2    | Bought a scroll of silence for 97 gold pieces
 24259 | Orc:2    | Bought a scroll of magic mapping for 45 gold pieces
 24259 | Orc:2    | Bought a scroll of identify for 26 gold pieces
 24259 | Orc:2    | Bought a scroll of fog for 26 gold pieces
 24444 | D:12     | Found Fiptean's Book Shoppe.
 25092 | D:12     | Noticed Erolcha
 25119 | D:12     | Killed Erolcha
 25154 | D:12     | Reached skill level 5 in Shields
 25368 | D:13     | Reached skill level 5 in Throwing
 26136 | D:13     | Found a gate to the Vaults.
 26778 | D:14     | Noticed Heskey's ghost (journeyman TrMo)
 26803 | D:14     | Killed Heskey's ghost
 26891 | D:14     | Reached XP level 16. HP: 146/146 MP: 20/20
 26976 | D:14     | Noticed Agnes
 27004 | D:14     | Killed Agnes
 27298 | D:15     | Entered Level 15 of the Dungeon
 27797 | D:15     | Identified a +0 pair of boots of running (You found it on level 15 of the Dungeon)
 27845 | D:15     | Found a staircase to the Depths.
 28243 | D:15     | Reached skill level 15 in Fighting
 28691 | Snake:1  | Entered Level 1 of the Snake Pit
 28852 | Snake:1  | Found Xounox's General Store.
 28861 | Snake:1  | Bought a potion of heal wounds for 90 gold pieces
 28861 | Snake:1  | Identified a scroll of acquirement
 28862 | Snake:1  | Got a crude scarf
 28863 | Snake:1  | Identified the scarf "Asodwaarr" {Int+5 Slay+3} (You acquired it on level 1 of the Snake Pit)
 29067 | Snake:1  | Found Xuppec's Antique Armour Boutique.
 29067 | Snake:1  | Found Biosief's Antique Weapon Shop.
 29077 | Snake:1  | Found Ifalesh's Gadget Boutique.
 29079 | Snake:1  | Found Buhyclod's Book Shop.
 29095 | Snake:1  | Bought a pair of shimmering gloves for 380 gold pieces
 29095 | Snake:1  | Identified the -3 pair of gloves of Brilliance {Stlth+} (You bought it in a shop on level 1 of the Snake Pit)
 29447 | Snake:2  | Found Refir's Antique Weapon Emporium.
 29484 | Snake:2  | Noticed a nagaraja
 29498 | Snake:2  | Killed a nagaraja
 29498 | Snake:2  | Reached skill level 10 in Shields
 29911 | Snake:2  | Reached XP level 17. HP: 150/156 MP: 13/21
 31835 | Snake:3  | Noticed Iwannabefree's ghost (adept MiSk)
 31862 | Snake:3  | Killed Iwannabefree's ghost
 32154 | Snake:4  | Entered Level 4 of the Snake Pit
 32709 | Snake:4  | Noticed namelastname112's ghost (adept FeWn)
 33381 | Snake:4  | Reached XP level 18. HP: 116/166 MP: 22/22
 33438 | Snake:4  | Reached skill level 10 in Dodging
 33837 | Snake:4  | Got a serpentine rune of Zot
 33944 | Snake:3  | Noticed Mamutox's ghost (journeyman MiBe)
 33957 | Snake:3  | Killed Mamutox's ghost
 34067 | Shoals:1 | Entered Level 1 of the Shoals
 34807 | Shoals:1 | Noticed karf's ghost (journeyman MfFi)
 34830 | Shoals:1 | Killed karf's ghost
 35509 | Shoals:2 | Identified Jihaomie's Collected Works on the Glacier
 35915 | Shoals:2 | Noticed Frances
 35940 | Shoals:2 | Killed Frances
 36581 | Shoals:3 | Found Jeitub's Armour Boutique.
 36591 | Shoals:3 | Found Huoruwk's General Store.
 36627 | Shoals:3 | Bought a scroll of magic mapping for 49 gold pieces
 36631 | Shoals:3 | Found Vemapneo's Distillery.
 36661 | Shoals:3 | Bought a potion of invisibility for 128 gold pieces
 36661 | Shoals:3 | Bought a potion of resistance for 160 gold pieces
 36661 | Shoals:3 | Bought a potion of agility for 64 gold pieces
 36661 | Shoals:3 | Bought a potion of might for 64 gold pieces
 36661 | Shoals:3 | Bought a potion of cancellation for 128 gold pieces
 36661 | Shoals:3 | Bought a potion of haste for 160 gold pieces
 36847 | Shoals:3 | Found Xuxithrin's Book Boutique.
 36861 | Shoals:3 | Reached skill level 10 in Throwing
 36896 | Shoals:3 | Found Xobo's Magic Scroll Boutique.
 36925 | Shoals:3 | Bought a scroll of blinking for 120 gold pieces
 37055 | Shoals:4 | Entered Level 4 of the Shoals
 37204 | Shoals:4 | Reached XP level 19. HP: 167/172 MP: 23/23
 37260 | Shoals:4 | Got a barnacled rune of Zot
 37414 | Shoals:4 | Reached skill level 15 in Shields
 37437 | Shoals:4 | Noticed Ilsuiw
 37459 | Shoals:4 | Killed Ilsuiw
 37601 | Shoals:4 | Identified the ring of Loykuoqy {+Blink +Fly rElec Str+4} (You found it on level 4 of the Shoals)
 37676 | Shoals:4 | Noticed Polyphemus
 37697 | Shoals:4 | Killed Polyphemus
 38013 | Shoals:4 | Found the amulet of the Air {Inacc +Fly rElec EV+5 RMsl}
 38653 | Vaults:1 | Entered Level 1 of the Vaults
 39193 | Vaults:1 | Found Okabled's Weapon Emporium.
 40476 | Vaults:2 | Reached XP level 20. HP: 179/180 MP: 15/24
 40873 | Vaults:2 | Found a staircase to the Crypt.
 41692 | Vaults:2 | Upgraded the game from 0.21-a0-414-gba8bdf1 to 0.21-a0-421-gfc1ce30
 42027 | D:4      | Killed Prince Ribbit
 42119 | D:$      | Got out of the dungeon!

Vault maps used:
D:1:      dpeg_arrival_chase, hangedman_decor_points, minmay_pentomino_q4
D:3:      first_bread, roderic_batcave, uniq_sigmund, uniq_terence
D:4:      kennysheep_mini, item_on_display_a, uniq_robin
D:5:      uniq_crazy_yiuf_cottage, uniq_menkaure, uniq_blork_the_orc,
          uniq_prince_ribbit1
D:6:      nicolae_overflow_crystal_walls, minmay_temple_entry_glassed_door
D:7:      serial_shops, nicolae_shop_behind_doors
D:8:      serial_shops, shop
D:9:      marbit_many_paths, lemuel_crystal_altar, lair_entry_dummy, uniq_pikel
D:11:     erik_orc_4, uniq_psyche
D:12:     serial_shops, nicolae_shop_stone, st_stairs_3, uniq_erolcha
D:13:     hangedman_vaults_entry_quadrant_bands, hangedman_stone_soup,
          st_stairs_7
D:14:     hangedman_decor_opposing, uniq_agnes
D:15:     grunt_enter_depths_giant_problem, minmay_misc_feat_roman,
          kennysheep_inner_square
Lair:1:   beast_lair_carwin_9, serial_bayou_shore_b, lemuel_fruit_fields,
          grunt_megastairs_1, serial_bayou_shore_a, lemuel_fruit_tree,
          infiniplex_staircase_pool
Lair:2:   uniq_erica, uniq_sonja
Lair:3:   minmay_snake_entry_guardpost_small, serial_bayou_pond_d, minivault_19
Lair:4:   elwin_shoals_entry_rocks, portal_ice_cave_entry_imps
Lair:5:   slime_altar_1, minivault_29
Lair:6:   hangedman_lair_tendril_chambers, basic_altar,
          eino_small_chamber_without_monster, cheibrodos_lair_lostbears
Shoals:2: uniq_frances
Shoals:3: serial_shops, shop, shop, shop, shop, nicolae_shop_trees,
          nicolae_shoals_arrival_archipelago
Shoals:4: shoals_end_simple, shoal_ilsuiw, uniq_polyphemus
Snake:1:  serial_shops, shop_statue, minmay_shoptagon
Snake:2:  serial_shops, nicolae_shop_behind_doors
Snake:3:  guppyfry_library_mini
Snake:4:  minmay_snake_end_coiled
Orc:1:    mines4_lemuel, uniq_urug, uniq_harold, uniq_fannar
Orc:2:    grunt_orc_community_town_hall, grunt_orc_community_big_house_1,
          grunt_orc_community_big_house_1, grunt_orc_community_house_2,
          grunt_orc_community_house_3, grunt_orc_community_house_1,
          grunt_orc_community_house_3, statue_in_the_mist_lemuel,
          nicolae_orc_pool_cavern, bloody_trog, uniq_azrael
Vaults:1: ontoclasm_vaults_fault, nicolae_vaults_network_periphery,
          nicolae_vaults_rhombus_7, v_misc_24, grunt_vaults_funnel,
          vaults_room_semicircle, nicolae_vaults_shelves_hall,
          vaults_dpeg_encased_lava, vaults_room_fours, serial_shops, shop
Vaults:2: v_misc_18, v_misc_13, nicolae_vaults_minivaults,
          nicolae_vaults_windows_and_doors_thing, nicolae_vaults_what_the_h,
          minmay_crypt_entry_simple_corners, v_misc_18,
          nicolae_vaults_little_squares_3, vaults_standard_mumra_x,
          hangedman_vaults_trim
IceCv:    ice_cave_small_necro

Skill      XL: |  1  2  3  4  5  6  7  8  9 10 11 12 13 14 15 16 17 18 19 20 |
---------------+-------------------------------------------------------------+-----
Throwing       | 2 6 8 10 | 10.0
Dodging        | 2 5 8 9 10 | 10.0
Unarmed Combat | 1 2 3 4 5 9 10 11 13 14 15 16 17 18 | 18.5
Fighting       | 2 3 4 5 7 8 9 10 11 12 14 15 16 | 16.6
Armour         | 1 2 5 4 6 7 8 9 10 | 10.8
Evocations     | 1 2 3 4 6 7 |  7.0
Shields        | 4 6 10 12 14 17 18 | 18.1
Spellcasting   | |  1.0
Hexes          | |  2.4

Action                   |  1- 3 |  4- 6 |  7- 9 | 10-12 | 13-15 | 16-18 | 19-21 || total
-------------------------+-------+-------+-------+-------+-------+-------+-------++-------
Melee: Unarmed           |   156 |   305 |   544 |   697 |  1862 |  1902 |  1106 ||  6572
       Punch             |       |     1 |    14 |    12 |       |       |       ||    27
 Fire: Blowgun           |       |       |       |     9 |    78 |     2 |       ||    89
Throw: Javelin           |    10 |       |    29 |    29 |     1 |    12 |    28 ||   109
       Stone             |    58 |    85 |   112 |     2 |       |       |       ||   257
       Throwing net      |       |       |     1 |     2 |       |     2 |       ||     5
       Tomahawk          |       |       |       |    42 |    65 |   202 |     2 ||   311
Invok: Sacrifice Experie |       |       |     1 |       |       |       |       ||     1
       Sacrifice Drink   |       |       |     1 |       |       |       |       ||     1
       Sacrifice Love    |       |       |       |     1 |       |       |       ||     1
       Apocalypse        |       |       |       |     1 |     3 |     1 |     3 ||     8
       Power Leap        |       |       |       |     1 |     1 |       |       ||     2
       Sacrifice Stealth |       |       |       |     1 |       |       |       ||     1
       Reject Sacrifices |       |       |       |     1 |       |       |       ||     1
       Draw Out Power    |       |       |       |       |     1 |     1 |       ||     2
       Sacrifice Purity  |       |       |       |       |     1 |       |       ||     1
       Sacrifice Arcana  |       |       |       |       |     1 |       |       ||     1
 Abil: Evoke Flight      |       |       |       |       |       |    12 |    11 ||    23
Evoke: Wand              |       |     3 |    20 |    23 |    24 |     2 |       ||    72
       Lamp of fire      |       |       |       |       |       |       |     1 ||     1
  Use: Scroll            |       |     3 |     9 |     8 |    22 |    11 |     6 ||    59
       Potion            |       |     1 |     1 |       |     1 |     2 |       ||     5
 Stab: Paralysed         |       |       |    10 |    28 |    14 |    16 |    13 ||    81
       Invisible         |       |       |       |     8 |     9 |     8 |     1 ||    26
       Distracted        |       |       |       |     1 |     4 |     4 |     1 ||    10
       Held in net/web   |       |       |       |     1 |       |       |       ||     1
       Petrifying        |       |       |       |       |     1 |       |       ||     1
       Confused          |       |       |       |       |     1 |       |       ||     1
       Petrified         |       |       |       |       |       |       |     3 ||     3
  Eat: Chunk             |     5 |    13 |    36 |    70 |   135 |   131 |    79 ||   469
       Royal jelly       |       |       |       |       |     1 |       |       ||     1
Armor: Chain mail        |    76 |   164 |   107 |       |       |       |       ||   347
       Plate armour      |       |       |   123 |   349 |   772 |   682 |   259 ||  2185
Dodge: Dodged            |    47 |    98 |   119 |   134 |   354 |   271 |   188 ||  1211
       Deflected         |       |       |       |       |       |       |     9 ||     9
Block: Buckler           |       |       |       |    37 |   140 |       |       ||   177
       Large shield      |       |       |       |       |   332 |  1391 |   734 ||  2457

Table legend:
 A = Spawn XP
 B = Non-spawn XP
 C = Spawn XP percentage of total XP
 D = Spawn monster count
 E = Non-spawn monster count
 F = Spawn count percentage of total count
 G = Total turns spent on level
                    A         B        C        D         E        F      G
               +---------+---------+-------+---------+---------+-------+---------
         Total |       0 |  447271 |   0.0 |       0 |    1445 |   0.0 | 42119
               +---------+---------+-------+---------+---------+-------+---------
           D:1 |       0 |      61 |   0.0 |       0 |      33 |   0.0 |   912
           D:2 |       0 |      76 |   0.0 |       0 |      21 |   0.0 |  1379
           D:3 |       0 |     131 |   0.0 |       0 |      12 |   0.0 |   621
           D:4 |       0 |     507 |   0.0 |       0 |      30 |   0.0 |   927
           D:5 |       0 |    1315 |   0.0 |       0 |      27 |   0.0 |  1626
           D:6 |       0 |     519 |   0.0 |       0 |      17 |   0.0 |  1505
           D:7 |       0 |     668 |   0.0 |       0 |      25 |   0.0 |  1401
           D:8 |       0 |    1170 |   0.0 |       0 |      25 |   0.0 |  1314
           D:9 |       0 |    4707 |   0.0 |       0 |      26 |   0.0 |  1406
          D:10 |       0 |    7985 |   0.0 |       0 |      55 |   0.0 |  1584
          D:11 |       0 |    5587 |   0.0 |       0 |      38 |   0.0 |   856
          D:12 |       0 |    7909 |   0.0 |       0 |      66 |   0.0 |  1088
          D:13 |       0 |    9903 |   0.0 |       0 |      43 |   0.0 |  1119
          D:14 |       0 |   20125 |   0.0 |       0 |      47 |   0.0 |  1062
          D:15 |       0 |   17261 |   0.0 |       0 |      40 |   0.0 |  1069
        Lair:1 |       0 |    5316 |   0.0 |       0 |      23 |   0.0 |   978
        Lair:2 |       0 |    4710 |   0.0 |       0 |      13 |   0.0 |   974
        Lair:3 |       0 |    4899 |   0.0 |       0 |      22 |   0.0 |   885
        Lair:4 |       0 |    3236 |   0.0 |       0 |      23 |   0.0 |  1192
        Lair:5 |       0 |   14990 |   0.0 |       0 |      68 |   0.0 |  1249
        Lair:6 |       0 |   22380 |   0.0 |       0 |      80 |   0.0 |  1642
      Shoals:1 |       0 |   22690 |   0.0 |       0 |      45 |   0.0 |  1215
      Shoals:2 |       0 |   21029 |   0.0 |       0 |      49 |   0.0 |  1112
      Shoals:3 |       0 |   16859 |   0.0 |       0 |      35 |   0.0 |   730
      Shoals:4 |       0 |   41557 |   0.0 |       0 |      67 |   0.0 |  1352
       Snake:1 |       0 |    8774 |   0.0 |       0 |      16 |   0.0 |   671
       Snake:2 |       0 |   24222 |   0.0 |       0 |      46 |   0.0 |  1400
       Snake:3 |       0 |   21583 |   0.0 |       0 |      43 |   0.0 |  1481
       Snake:4 |       0 |   39715 |   0.0 |       0 |      74 |   0.0 |  1768
         Orc:1 |       0 |    6496 |   0.0 |       0 |      29 |   0.0 |   700
         Orc:2 |       0 |   13954 |   0.0 |       0 |      98 |   0.0 |  1976
      Vaults:1 |       0 |   33725 |   0.0 |       0 |      71 |   0.0 |  1778
      Vaults:2 |       0 |   56604 |   0.0 |       0 |      84 |   0.0 |  1351
         IceCv |       0 |    6608 |   0.0 |       0 |      54 |   0.0 |  1796
               +---------+---------+-------+---------+---------+-------+---------
